 Dungeon Crawl Stone Soup version 0.31-a0-358-gac0dbeb3ab (webtiles) character file.

Game seed: 10077677095217200080

100866 Midn8 the Brawler (level 15, -11/146 (152) HPs)
             Began as a Troll Delver on July 25, 2023.
             Was the Champion of Fedhas.
             Mangled by a reaper
             ... wielding a +1 scythe of venom
              (29 damage)
             ... on level 13 of the Dungeon.
             The game lasted 01:12:13 (18785 turns).

Midn8 the Brawler (Troll Delver)                   Turns: 18785, Time: 01:12:14

HP:   -11/146 (152) AC: 26    Str: 24    XL:     15   Next: 81%
MP:   15/23         EV: 14    Int:  6    God:    Fedhas [******]
Gold: 705           SH: 10    Dex: 17    Spells: 14/14 levels left

rFire   . .          .
                       - Unarmed
rCold   . . .        Q - +0 kite shield
rNeg    . . .        K - +7 swamp dragon scales
rPois   +            J - +2 hat {Will+}
rElec   .            V - +2 cloak
rCorr   .            (gloves unavailable)
SInv    .            (boots unavailable)
Will    ++...        L - amulet of regeneration
Stlth   ++           X - +5 ring of evasion
HPRegen 2.04/turn    s - +4 ring of protection
MPRegen 0.18/turn

%: no passive effects
@: studying Shapeshifting, lightly drained
A: large, unfitting armour, claws 3, regeneration 1, shaggy fur 1, tough skin 1
a: Renounce Religion, Wall of Briars, Grow Ballistomycete, Overgrow, Grow Oklob


You were on level 13 of the Dungeon.
You worshipped Fedhas.
Fedhas was exalted by your worship.
You visited 4 branches of the dungeon, and saw 21 of its levels.
You visited 1 bazaar.
You also visited: Ossuary and Gauntlet.

You collected 2114 gold pieces.
You spent 1409 gold pieces at shops.

Inventory:

Hand Weapons
 a - the +3 greatsling "Punk" {acid, rCorr}
   (You acquired it on level 13 of the Dungeon)

   rCorr:     It protects you from acid and corrosion.
Missiles
 m - 10 silver javelins
 w - 3 silver boomerangs
 C - 19 boomerangs
 M - 10 throwing nets
 O - 22 large rocks
 P - 13 poisoned darts (quivered)
Armour
 y - a +2 robe of willpower
 J - a +2 hat of willpower (worn)
 K - +7 swamp dragon scales (worn)
 Q - a +0 kite shield (worn)
 V - a +2 cloak (worn)
Jewellery
 s - a +4 ring of protection (right claw)
 u - the ring of Poguppij {rF- rC++ rCorr EV+5 Str+2}
   (You found it in a Gauntlet)

   [ring of evasion]

   EV:        It affects your evasion (+5).
   Str:       It affects your strength (+2).
   rF:        It makes you vulnerable to fire.
   rC:        It greatly protects you from cold.
   rCorr:     It protects you from acid and corrosion.
 v - a ring of poison resistance
 L - an amulet of regeneration (around neck)
 W - the ring of Foofy {Will+ Int+3}
   (You found it in a Gauntlet)

   [ring of willpower]

   Int:       It affects your intelligence (+3).
   Will:      It increases your willpower.
 X - a +5 ring of evasion (left claw)
 Z - the ring of Guoferont {rPois rN+ Dex+2}
   (You found it in a Gauntlet)

   [ring of poison resistance]

   Dex:       It affects your dexterity (+2).
   rPois:     It protects you from poison.
   rN:        It protects you from negative energy.
Talismans
 j - a blade talisman
Wands
 e - a wand of mindburst (6)
 f - a wand of digging (3)
 h - a wand of paralysis (42)
 A - a wand of flame (65)
 G - a wand of quicksilver (5)
 I - a wand of iceblast (30)
Scrolls
 b - 7 scrolls of fog
 d - 6 scrolls of fear
 g - 2 scrolls of butterflies
 l - 4 scrolls of blinking
 o - 7 scrolls of poison
 r - 6 scrolls of teleportation
 z - 3 scrolls of immolation
 D - 5 scrolls of amnesia
 S - 3 scrolls of enchant weapon
 Y - 4 scrolls of revelation
Potions
 c - 17 potions of curing
 i - a potion of invisibility {unknown}
 k - 5 potions of attraction
 n - 6 potions of heal wounds
 p - 2 potions of lignification
 q - a potion of haste
 t - 4 potions of enlightenment
 x - 6 potions of might
 E - 2 potions of magic
 F - 2 potions of ambrosia
 H - 2 potions of berserk rage
 R - 4 potions of brilliance
 T - a potion of resistance
Miscellaneous
 B - a lightning rod (4/4)
 N - a phial of floods


   Skills:
 - Level 10.9 Fighting
 + Level 5.3 Ranged Weapons
 - Level 3.2 Armour
 - Level 4.0 Dodging
 - Level 2.7 Stealth
 - Level 6.0 Shields
 - Level 17.0 Unarmed Combat
 - Level 12.0 Invocations
 - Level 5.0 Evocations
 - Level 9.0 Shapeshifting


You had 14 spell levels left.
You didn't know any spells.
Your spell library contained the following spells:

 Spells                   Type           Power      Damage    Failure   Level
 Magic Dart               Conj           0%         1d3       83%         1
 Call Imp                 Summ           0%         N/A       93%         2
 Cigotuvi's Dreadful Rot  Necr/Pois/Air  0%         N/A       93%         2
 Ensorcelled Hibernation  Hex/Ice        0%         N/A       93%         2
 Lesser Beckoning         Tloc           0%         N/A       93%         2
 Passwall                 Tmut/Erth      0%         N/A       93%         2
 Dazzling Flash           Conj/Hex       0%         N/A       99%         3
 Gell's Gravitas          Tloc           0%         N/A       99%         3
 Ignite Poison            Fire/Tmut/Pois 0%         N/A       99%         3
 Mephitic Cloud           Conj/Pois/Air  0%         N/A       99%         3
 Ozocubu's Armour         Ice            0%         N/A       99%         3
 Swiftness                Air            0%         N/A       99%         3
 Teleport Other           Tloc           0%         N/A       99%         3
 Tukima's Dance           Hex            0%         N/A       99%         3
 Volatile Blastmotes      Fire/Tloc      0%         2d10      99%         3
 Fulminant Prism          Conj/Hex       0%         3d5       100%        4
 Iskenderun's Mystic Bla  Conj/Tloc      0%         2d3       100%        4
 Passage of Golubria      Tloc           0%         N/A       100%        4
 Summon Ice Beast         Ice/Summ       0%         N/A       100%        4
 Agony                    Necr           0%         N/A       100%        5
 Freezing Cloud           Conj/Ice/Air   0%         6-21      100%        5
 Metabolic Englaciation   Hex/Ice        0%         N/A       100%        5
 Silence                  Hex/Air        0%         N/A       100%        5
 Summon Forest            Summ/Tloc      0%         N/A       100%        5
 Summon Mana Viper        Hex/Summ       0%         N/A       100%        5
 Yara's Violent Unravell  Hex/Tmut       0%         3d3       100%        5
 Conjure Ball Lightning   Conj/Air       0%         3x3d6     100%        6
 Simulacrum               Ice/Necr       0%         N/A       100%        6
 Summon Cactus Giant      Summ           0%         N/A       100%        6
 Monstrous Menagerie      Summ           0%         N/A       100%        7
 Discord                  Hex            0%         N/A       100%        8
 Disjunction              Tloc           0%         N/A       100%        8
 Ignition                 Fire           0%         3d3       100%        8


Dungeon Overview and Level Annotations

Branches:
Dungeon (13/15)            Temple (1/1) D:5            Lair (5/5) D:10
  Swamp (0/4) Lair:2       Spider (0/4) Lair:3        Slime (0/5) Lair:5
    Orc (2/2) D:9             Elf (0/3) Orc:2       Ossuary (visited)
Gauntlet (visited)
 Vaults: D:13-14

Altars:
Ashenzari
Cheibriados
Dithmenos
Elyvilon
Fedhas
Gozag
Hepliaklqana
Kikubaaqudgha
Makhleb
Nemelex Xobeh
Okawaru
Qazlal
Ru
Sif Muna
Trog
Uskayaw
Vehumet
Wu Jian
Xom
Yredelemnul
Zin
The Shining One

Shops:
D:5 *   D:9 =   Orc:2 ::(*[*[?

Annotations:
Temple 2 transporters
Lair:1 1 runed translucent door, Ehotes's ghost, journeyman OpSh
Lair:4 1 runed translucent door, Osyvawk's ghost, journeyman DrMo


Innate Abilities, Weirdness & Mutations

You are too large for most types of armour.
You have claws for hands.
Your natural rate of healing is unusually fast.
You are covered in fur. (AC +1)
You have tough skin. (AC +1)


Message History

The deep elf death mage attacks as you move away!
You block the deep elf death mage's attack.
The reaper attacks as you move away!
The reaper hits you with a +1 scythe of venom.
* * * LOW HITPOINT WARNING * * *
The deep elf death mage gestures at you while chanting.
The bolt of negative energy hits the tormentor.
The tormentor completely resists.
The bolt of negative energy misses you.
The reaper hits you from afar with a +1 scythe of venom!!
* * * LOW HITPOINT WARNING * * *
Unknown command.
You feel much better. The tormentor closely misses you.
You block the tormentor's attack. The reaper beckons to you.
The reaper hits you but does no damage.
Aiming: Overgrow
Press: ? - help, Dir - move target The stone wall is torn apart as an oklob sapling grows in its place.
The stone wall is torn apart as an oklob plant grows in its place.
The stone wall is torn apart as a burning bush grows in its place.
The tormentor hits you.
* * * LOW HITPOINT WARNING * * *
You writhe in agony.
* * * LOW HITPOINT WARNING * * *
The tormentor hits you but does no damage.
The deep elf death mage casts a spell at you.
The bolt of negative energy misses the tormentor.
The bolt of negative energy hits you!!
You feel drained.
* * * LOW HITPOINT WARNING * * *
You block the reaper's attack. You block the tormentor's attack.
The tormentor misses you.
You feel much better.
The tormentor calls on the powers of darkness!
Your body is wracked with pain!
* * * LOW HITPOINT WARNING * * *
The deep elf death mage convulses!
The deep elf death mage hits your oklob sapling with a +0 rapier.
The reaper hits you from afar with a +1 scythe of venom!!
You die...
Fedhas appreciates your contribution to the ecosystem.

######
#/$$$^##########
#:$[..PPP#.....#
#)[..e2@...###.#
#[?).2####.....#
#)?$$.#....#####
#######'####
#.#########
#####
#.........#
#...#
##.##.##.##
#.).#
##.##.##.##
#...#
#.........#


You could see a reaper, a deep elf death mage (ally target), a tormentor (ally
target), a friendly oklob plant (summoned), a friendly burning bush (summoned)
and a friendly oklob sapling (summoned).

Vanquished Creatures
  An orc warlord (Orc:2)
  A minotaur (Gauntlet)
  6 hydras
  A centaur warrior (D:13)
  A boulder beetle (D:13)
  A two-headed ogre (D:7)
  6 death yaks
  3 orc high priests (Orc:2)
  A demonic crawler (Lair:3)
  Urug (D:12)
  5 soul eaters (D:13)
  A skeletal warrior (D:12)
  A shadow wraith (D:13)
  2 flayed ghosts (D:13)
  A lindwurm (Lair:3)
  2 deep elf pyromancers (D:12)
  A wolf spider zombie (D:13)
  5 necromancers (D:13)
  5 orc sorcerers
  3 orc knights (Orc:2)
  2 wolf spiders (Lair:5)
  9 elephants
  3 spectral centaurs (D:13)
  A manticore (D:7)
  5 cyclopes
  3 ugly things
  Maurice (Orc:2)
  5 centaur zombies (D:13)
  3 torpor snails
  7 black mambas
  A guardian serpent (Lair:5)
  23 cane toads
  Maggie (D:7)
  3 centaur skeletons (D:13)
  2 gargoyles
  7 komodo dragons
  2 unseen horrors
  3 rime drakes
  2 freezing wraiths (D:13)
  2 tormentors (D:13)
  8 trolls
  2 wolf spider simulacra (Gauntlet)
  4 hornets
  7 polar bears (Lair:5)
  4 raiju (Lair:5)
  7 dream sheep
  18 blink frogs
  A meliai zombie (D:13)
  Sigmund (D:2)
  A vampire (D:12)
  19 wyverns
  26 slime creatures
  A shadow (D:12)
  3 wraiths
  2 centaur simulacra (D:13)
  Eustachio (D:5)
  31 yaks
  5 basilisks
  2 steam dragons
  5 redbacks (Lair:5)
  Grum (D:10)
  7 vampire mosquitoes
  3 swamp worms (Lair:2)
  6 wargs
  12 hell hounds (Lair:5)
  A hydra simulacrum (Gauntlet)
  2 acid dragons (D:10)
  15 water moccasins
  2 meliai simulacra
  Duvessa (D:7)
  28 orc warriors
  3 sky beasts (D:7)
  9 black bears (Lair:5)
  2 ice beasts
  5 boggarts (D:12)
  2 hornet zombies (D:13)
  5 ogres
  15 wolves
  5 centaurs
  9 bullfrogs
  3 kobold brigands
  Blork the orc (D:5)
  4 gnoll sergeants
  6 scorpions
  13 wights
  A hornet simulacrum (Gauntlet)
  Dowan (D:7)
  24 killer bees
  3 electric eels
  5 howler monkeys
  20 orc priests
  A jelly (D:5)
  12 hounds
  3 gnoll boudas
  A spectral boggart (D:13)
  Terence (D:2)
  2 iguanas
  28 orc wizards
  2 boggart skeletons (D:13)
  A boggart simulacrum (D:13)
  A mummy (D:6)
  Robin (D:2)
  35 gnolls
  4 adders
  A shadow imp (D:7)
  A white imp (D:6)
  2 ufetubi
  4 adder zombies (Ossuary)
  3 worms
  5 dart slugs
  63 orcs
  8 endoplasms
  3 giant cockroaches
  12 hobgoblins
  5 jackals (D:10)
  3 quokkas (D:1)
  3 ball pythons (D:1)
  A ball python skeleton (Ossuary)
  3 bats
  2 frilled lizards (D:1)
  15 goblins
  A hobgoblin skeleton (Ossuary)
  2 hobgoblin zombies (Ossuary)
  20 kobolds
  An orc zombie (Ossuary)
  7 rats
  3 ballistomycete spores
755 creatures vanquished.

Vanquished Creatures (collateral kills)
  Saint Roka (Orc:2)
  A great orb of eyes (Gauntlet)
  2 hydras (Lair:2)
  A death yak (Gauntlet)
  A necromancer (Gauntlet)
  An orc sorcerer (Orc:2)
  An ugly thing (Gauntlet)
  3 polar bears (Lair:5)
  A tyrant leech (Lair:2)
  A hell hound (Lair:5)
  2 black bears (Lair:5)
  4 orc warriors (Orc:2)
  2 wolves (Lair:5)
  An orc priest (Orc:2)
  An orc wizard (Orc:2)
  2 orcs (Orc:2)
  61 ballistomycete spores
86 creatures vanquished.

Vanquished Creatures (others)
  A centaur skeleton (D:13)
  An orc wizard (D:10)
  3 orcs
  6 ballistomycete spores
11 creatures vanquished.

Grand Total: 852 creatures vanquished

Notes
Turn   | Place    | Note
-------+----------+-------------------------------------------
     0 | D:5      | Midn8 the Troll Delver began the quest for the Orb.
     0 | D:5      | Reached XP level 1. HP: 22/22 MP: 0/0
    18 | D:5      | Reached XP level 2. HP: 25/29 MP: 1/1
    31 | D:5      | Found a staircase to the Ecumenical Temple.
    34 | D:5      | Noticed Eustachio
    50 | D:5      | Reached skill level 3 in Unarmed Combat
    50 | D:5      | Reached XP level 3. HP: 36/36 MP: 2/2
    56 | D:5      | Found Zifiboq's Gadget Gallery.
    61 | Temple   | Found a transporter.
    61 | Temple   | Found a transporter.
    61 | Temple   | Found a transporter.
    61 | Temple   | Found a transporter.
    61 | Temple   | Entered the Ecumenical Temple
    85 | Temple   | Became a worshipper of Fedhas Madash
   144 | D:4      | Reached skill level 4 in Unarmed Combat
   144 | D:4      | Reached XP level 4. HP: 29/44 MP: 3/3
   414 | D:2      | Noticed Robin
   437 | D:2      | Killed Robin
   441 | D:2      | Reached * piety under Fedhas
   448 | D:2      | Reached skill level 5 in Unarmed Combat
   499 | D:2      | Noticed Terence
   507 | D:2      | Killed Terence
   508 | D:2      | Reached XP level 5. HP: 40/50 MP: 4/4
   778 | D:1      | Reached ** piety under Fedhas
  1159 | D:2      | Noticed Sigmund
  1175 | D:2      | Killed Sigmund
  1176 | D:2      | Reached skill level 6 in Unarmed Combat
  1176 | D:2      | Reached XP level 6. HP: 49/59 MP: 4/7
  1859 | D:2      | Found a radiant altar of Vehumet.
  1928 | D:3      | Found a shadowy altar of Dithmenos.
  3323 | D:5      | Noticed Blork the orc
  3333 | D:5      | Killed Blork the orc
  3334 | D:5      | Reached XP level 7. HP: 65/66 MP: 7/9
  3413 | D:5      | Killed Eustachio
  3526 | D:5      | Reached skill level 7 in Unarmed Combat
  3781 | D:6      | Reached skill level 8 in Unarmed Combat
  3831 | D:6      | Found a sand-covered staircase.
  3844 | Ossuary  | Entered an ossuary
  3899 | Ossuary  | Reached XP level 8. HP: 67/75 MP: 10/10
  3935 | Ossuary  | Reached *** piety under Fedhas
  3964 | Ossuary  | Noticed a flying skull
  3998 | Ossuary  | Noticed a flying skull
  4030 | Ossuary  | Noticed a flying skull
  4072 | Ossuary  | Noticed a flying skull
  4170 | D:6      | Reached skill level 9 in Unarmed Combat
  4273 | D:6      | Reached skill level 10 in Unarmed Combat
  4564 | D:6      | Reached XP level 9. HP: 85/85 MP: 11/11
  4606 | D:7      | Noticed Maggie
  4629 | D:7      | Killed Maggie
  4630 | D:7      | Reached skill level 5 in Fighting
  4705 | D:7      | Found a glowing golden altar of the Shining One.
  4761 | D:7      | Reached skill level 1 in Armour
  4934 | D:7      | Noticed Dowan
  4936 | D:7      | Noticed Duvessa
  4945 | D:7      | Killed Duvessa
  4952 | D:7      | Killed Dowan
  5045 | D:7      | Reached skill level 5 in Invocations
  5164 | D:7      | Noticed a gargoyle
  5165 | D:7      | Noticed a troll
  5175 | D:7      | Killed a troll
  5176 | D:7      | Killed a gargoyle
  5177 | D:7      | Reached XP level 10. HP: 56/98 MP: 9/14
  5184 | D:7      | Noticed a brown ugly thing
  5289 | D:7      | Noticed a two-headed ogre
  5313 | D:7      | Killed a two-headed ogre
  5444 | D:7      | Noticed a manticore
  5459 | D:7      | Killed a manticore
  5565 | D:7      | Killed a brown ugly thing
  5638 | D:7      | Found a basalt altar of Yredelemnul.
  5640 | D:7      | Noticed a profane servitor
  5916 | D:7      | Noticed an angel
  5993 | D:8      | Reached skill level 11 in Unarmed Combat
  6207 | D:8      | Reached **** piety under Fedhas
  6542 | D:9      | Reached skill level 12 in Unarmed Combat
  6614 | D:9      | Found a staircase to the Orcish Mines.
  6675 | D:9      | Found Odaahet's Jewellery Emporium.
  6683 | D:9      | Reached XP level 11. HP: 86/107 MP: 15/15
  6722 | D:9      | Identified the +5 falchion of Fimbulwinter {flame, Str+2
                  | Int+5}
  7085 | D:9      | Reached ***** piety under Fedhas
  7195 | D:10     | Entered Level 10 of the Dungeon
  7656 | D:10     | Found a staircase to the Lair.
  7759 | D:10     | Reached skill level 1 in Shields
  8104 | D:10     | Noticed Grum
  8111 | D:10     | Killed Grum
  8276 | Lair:1   | Entered Level 1 of the Lair of Beasts
  8365 | Lair:1   | Found a runed translucent door.
  8366 | Lair:1   | Noticed Ehotes's ghost (journeyman OpSh)
  8495 | Lair:1   | Reached skill level 5 in Shields
  8564 | Lair:1   | Reached XP level 12. HP: 90/119 MP: 17/17
  8575 | Lair:1   | Reached skill level 1 in Evocations
  9151 | Lair:2   | Reached ****** piety under Fedhas
  9585 | Lair:2   | Reached skill level 5 in Evocations
  9909 | Lair:2   | Noticed a five-headed hydra
  9910 | Lair:2   | Noticed a four-headed hydra
  9923 | Lair:2   | Killed a five-headed hydra
  9936 | Lair:2   | Killed a five-headed hydra
  9937 | Lair:2   | Reached skill level 13 in Unarmed Combat
 10015 | Lair:2   | Found a staircase to the Swamp.
 10274 | Lair:3   | Reached skill level 14 in Unarmed Combat
 10402 | Lair:3   | Noticed a demonic crawler
 10409 | Lair:3   | Reached XP level 13. HP: 125/128 MP: 18/18
 10578 | Lair:3   | Found a hole to the Spider Nest.
 10669 | Lair:3   | You fall into a shaft and drop 2 floors!
 10669 | Lair:5   | Entered Level 5 of the Lair of Beasts
 10733 | Lair:5   | Reached skill level 10 in Fighting
 11154 | Lair:5   | Reached skill level 10 in Invocations
 11430 | Lair:4   | Found a runed translucent door.
 11975 | Lair:4   | Found a shimmering altar of Xom.
 11975 | Lair:4   | Noticed Osyvawk's ghost (journeyman DrMo)
 12892 | Lair:5   | Reached XP level 14. HP: 125/143 MP: 17/22
 13097 | Lair:5   | Reached skill level 15 in Unarmed Combat
 13501 | Lair:5   | Found a staircase to the Slime Pits.
 14154 | D:11     | Reached skill level 16 in Unarmed Combat
 14584 | D:12     | Found a gate leading to a gauntlet.
 14712 | Gauntlet | Entered a Gauntlet
 14712 | Gauntlet | Found a transporter.
 14715 | Gauntlet | Found a transporter.
 14716 | Gauntlet | Found a transporter.
 14720 | Gauntlet | Found a transporter.
 14724 | Gauntlet | Found a transporter.
 14724 | Gauntlet | Found a transporter.
 14729 | Gauntlet | Found a transporter.
 14730 | Gauntlet | Found a transporter.
 14798 | Gauntlet | Found a large runed translucent door.
 14798 | Gauntlet | Found a large runed translucent door.
 14798 | Gauntlet | Identified the ring of Poguppij {rF- rC++ rCorr EV+5 Str+2}
 14874 | Gauntlet | Identified the ring of Guoferont {rPois rN+ Dex+2}
 14925 | Gauntlet | Identified the ring of Foofy {Will+ Int+3}
 14957 | Gauntlet | Identified the +0 buckler of Eternal Vigilance {rN++}
 15059 | D:12     | Reached skill level 17 in Unarmed Combat
 15078 | D:12     | Reached skill level 1 in Shapeshifting
 15122 | D:12     | Got the Vademecum on Bewitchment and the Pyromaniac
 15141 | D:12     | Noticed Urug
 15150 | D:12     | Killed Urug
 15407 | D:12     | Reached skill level 5 in Shapeshifting
 15924 | Orc:1    | Entered Level 1 of the Orcish Mines
 16238 | Orc:2    | Entered Level 2 of the Orcish Mines
 16238 | Orc:2    | Found Seilah's Magic Scroll Shop.
 16251 | Orc:2    | Found Muuzaf's Antique Armour Shop.
 16254 | Orc:2    | Noticed Saint Roka
 16262 | Orc:2    | Reached XP level 15. HP: 132/149 MP: 10/23
 16276 | Orc:2    | Killed Saint Roka
 16313 | Orc:2    | Noticed Maurice
 16314 | Orc:2    | Found a flickering gateway to a bazaar.
 16332 | Orc:2    | Killed Maurice
 16344 | Bazaar   | Entered a bazaar
 16345 | Bazaar   | Found Relown's Distillery.
 16356 | Bazaar   | Found Xyenenuz's General Store.
 16362 | Bazaar   | Found Hoeco's General Store.
 16366 | Bazaar   | Found Ciale's Antique Armour Shoppe.
 16370 | Bazaar   | Bought a scroll of blinking for 60 gold pieces
 16377 | Bazaar   | Found Vataugepo's Magic Scroll Shop.
 16384 | Bazaar   | Bought a scroll of revelation for 135 gold pieces
 16384 | Bazaar   | Bought 2 scrolls of enchant armour for 270 gold pieces
 16384 | Bazaar   | Bought a scroll of blinking for 135 gold pieces
 16419 | Bazaar   | Bought a wand of iceblast (8) for 288 gold pieces
 16419 | Bazaar   | Bought a potion of heal wounds for 75 gold pieces
 16419 | Bazaar   | Bought a potion of might for 60 gold pieces
 16419 | Bazaar   | Bought a scroll of revelation for 112 gold pieces
 16427 | Bazaar   | Bought a potion of curing for 51 gold pieces
 16427 | Bazaar   | Bought a potion of heal wounds for 85 gold pieces
 16463 | Orc:2    | Bought a scroll of enchant weapon for 90 gold pieces
 16463 | Orc:2    | Bought a scroll of vulnerability for 48 gold pieces
 16465 | Orc:2    | Found Poqais's General Store.
 16568 | Orc:2    | Found Xiboa's Book Boutique.
 16651 | Orc:2    | Found a staircase to the Elven Halls.
 17245 | Orc:2    | Found Pidabeck's Antique Armour Boutique.
 17246 | Orc:2    | Found Kajae's Antique Weapon Boutique.
 17248 | Orc:2    | Found Ygewaroe's General Store.
 17248 | Orc:2    | Found Zeopsum's Book Shop.
 17721 | D:13     | Identified a scroll of acquirement
 17750 | D:13     | Acquired the +3 greatsling "Punk" {acid, rCorr}
 17750 | D:13     | Found the +3 greatsling "Punk" {acid, rCorr}
 17805 | D:13     | Reached skill level 1 in Ranged Weapons
 17984 | D:13     | Found an ancient bone altar of Kikubaaqudgha.
 18592 | D:13     | Reached skill level 5 in Ranged Weapons
 18780 | D:13     | Found the +8 arc blade {discharge, rElec}
 18784 | D:13     | HP: 5/146 [deep elf death mage/bolt of negative energy
                  | (25)]
 18785 | D:13     | Mangled by a reaper

Illustrated notes

Levels and vault maps discovered:
D:1:      ebering_trefoil_twist, layout_basic, chequers_avenue,
          minmay_split_cup_large
D:2:      layout_loops_corners, basic_altar, uniq_sigmund, uniq_robin,
          uniq_terence
D:3:      layout_loops_ring, mainiacjoe_overflow_surrounded_room,
          patterned_corridor
D:4:      layout_basic
D:5:      layout_cave_pools, minmay_temple_entry_overgrown,
          nicolae_shop_gadgets, uniq_eustachio, uniq_blork_the_orc
D:6:      layout_rooms, gup_ossuary_entry_pyramid, minmay_misc_feat_square
D:7:      layout_basic, grunt_temple_overflow_holy_war, minmay_the_grid_2x2
          [minmay_the_grid_plusring, minmay_the_grid_square_x,
          minmay_the_grid_empty, minmay_the_grid_prize_four_corners_diamond_a],
          uniq_duvessa, uniq_maggie
D:8:      layout_cave_pools, dreamdust_mushroom_princess
D:9:      layout_roguey, orc_david_3, serial_shops, shop
D:10:     layout_cave_pools, erik_lair_orcish_takeover, serial_gnoll_camp,
          gnoll_camp_mini_hut, gnoll_camp_medium_02, grums_kennel,
          gnoll_camp_mini_hut, gnoll_camp_huts_moat
D:11:     layout_cross
D:12:     layout_loops_corners, gauntlet_entry_generic, serial_rivers,
          chequers_serial_rivers_large_b, chequers_serial_rivers_marsh,
          chequers_serial_rivers_small_b, chequers_serial_rivers_room_b,
          chequers_serial_rivers_micro_c, st_stairs_9, uniq_urug
D:13:     evilmike_negative_zone, layout_rooms
Temple:   hellmonk_temple_divided_pantheon
Lair:1:   wander_river, layout_misc_corridors, ebering_ghost_inner_flame,
          lemuel_fruit_tree, uniq_grum
Lair:2:   layout_regular_city, palyth_hydra_swamp_entry
Lair:3:   layout_loops_ring, nicolae_spider_entry_non_spiders,
          infiniplex_staircase_pool_2
Lair:4:   layout_cave_pods, ebering_ghost_xom, serial_bayou_shore_a,
          grunt_megastairs_2
Lair:5:   hangedman_lair_caniforms_friends, layout_long_grid,
          hangedman_lair_tendril_chambers, dpeg_slime_entry_corner
Orc:1:    layout_caves
Orc:2:    st_orc_congregation, layout_caves, serial_shops, bzr_in_the_mist,
          shop, nicolae_shop_trees, shop, shop, nicolae_orc_rockfall,
          mines2_david, uniq_saint_roka, uniq_maurice

Skill      XL: |  1  2  3  4  5  6  7  8  9 10 11 12 13 14 15 |
---------------+----------------------------------------------+-----
Unarmed Combat | 3 4 5 6 8 10 12 14 17 | 17.0
Invocations    | 2 4 6 7 8 12 | 12.0
Fighting       | 3 4 6 8 10 | 10.9
Armour         | 3 |  3.2
Dodging        | 4 |  4.0
Shields        | 6 |  6.0
Evocations     | 5 |  5.0
Shapeshifting  | 6 9 |  9.0
Ranged Weapons | 5 |  5.3
Stealth        | |  2.7

Action                     |  1- 3 |  4- 6 |  7- 9 | 10-12 | 13-15 || total
---------------------------+-------+-------+-------+-------+-------++-------
  Melee: Unarmed           |    16 |   167 |   223 |   739 |  1257 ||  2402
         Punch             |       |     6 |     9 |    24 |    16 ||    55
   Fire: Greatsling        |       |       |       |       |    18 ||    18
  Throw: Dart              |       |       |       |     5 |     3 ||     8
 Invoke: Grow Ballistomyce |       |       |     3 |     4 |     7 ||    14
         Wall of Briars    |       |       |       |     1 |       ||     1
         Grow Oklob        |       |       |       |     1 |     2 ||     3
         Overgrow          |       |       |       |       |     5 ||     5
  Evoke: Wand              |       |       |       |     5 |     3 ||     8
         Lightning rod     |       |       |       |       |     2 ||     2
    Use: Scroll            |     1 |     2 |     6 |     7 |    14 ||    30
         Potion            |       |       |       |     1 |     4 ||     5
   Stab: Sleeping          |     1 |     7 |    10 |     2 |     3 ||    23
         Confused          |       |       |       |     1 |     4 ||     5
         Distracted        |       |       |       |     1 |     1 ||     2
         Paralysed         |       |       |       |       |     3 ||     3
 Armour: Robe              |     3 |    33 |    38 |       |       ||    74
         Swamp dragon scal |       |       |    52 |   343 |   516 ||   911
  Dodge: Dodged            |     8 |    51 |    79 |   478 |   589 ||  1205
  Block: Kite shield       |       |       |       |   174 |   517 ||   691
         Form:             |       |       |       |       |     2 ||     2
         Blade             |       |       |       |       |     2 ||     2

Table legend: (Time is in decaauts)
 A = Elapsed time spent in this place.
 B = Non-inter-level travel time spent in this place.
 C = Inter-level travel time spent in this place.
 D = Time resting spent in this place.
 E = Time spent auto-exploring this place.
 F = Levels seen in this place.
 G = Mean time per level.
                   A        B        C        D        E       F      G
               +--------+--------+--------+--------+--------+-----+--------+
         Total |  18432 |  17498 |    934 |   1519 |  10695 |  24 |  768.0 |
       Dungeon |  10808 |  10246 |    562 |    981 |   6498 |  13 |  831.4 |
        Temple |     39 |     32 |      7 |      0 |      0 |   1 |   39.0 |
          Lair |   5484 |   5176 |    308 |    399 |   3297 |   5 | 1096.8 |
  Orcish Mines |   1393 |   1336 |     57 |     75 |    783 |   2 |  696.5 |
        Bazaar |     94 |     94 |      0 |      0 |     33 |   1 |   94.0 |
       Ossuary |    294 |    294 |      0 |     37 |     84 |   1 |  294.0 |
      Gauntlet |    317 |    317 |      0 |     26 |      0 |   1 |  317.0 |
               +--------+--------+--------+--------+--------+-----+--------+

Top non-repeatable levels by time:
  Lair:5: 1573 daAuts
     D:7: 1276 daAuts
  Lair:2: 1196 daAuts
    D:13: 1194 daAuts
  Lair:4: 1178 daAuts
    D:12: 1123 daAuts
     D:4: 1003 daAuts
   Orc:2: 996 daAuts
    D:10: 995 daAuts
     D:2: 901 daAuts
  Lair:3: 844 daAuts
     D:9: 762 daAuts
     D:3: 706 daAuts
  Lair:1: 692 daAuts
    D:11: 657 daAuts
